 Dungeon Crawl Stone Soup version 0.20-a0-513-g02c11fc (webtiles) character file.

56 M4edhros the Vexing (level 4, -1/48 HPs)
             Began as a Formicid Arcane Marksman on Jan 23, 2017.
             Succumbed to an orc wizard's poison
             ... on level 3 of the Dungeon.
             The game lasted 00:01:14 (859 turns).

M4edhros the Vexing (Formicid Arcane Marksman)       Turns: 859, Time: 00:01:15

Health: -1/48      AC: 22    Str: 14    XL:     4   Next: 15%
Magic:  5/5        EV:  2    Int: 13    God:
Gold:   75         SH:  0    Dex: 12    Spells: 4/5 levels left

rFire    . . .     SeeInvis .   a - +0 hunting sling
rCold    . . .     Gourm    .   (armour currently unavailable)
rNeg     + + +     Faith    .   (no shield)
rPois    +         Spirit   .   (helmet unavailable)
rElec    .         Reflect  .   (cloak currently unavailable)
rCorr    .         Harm     .   (gloves currently unavailable)
MR       .....                  (boots currently unavailable)
Stlth    +.........             (no amulet)
Regen    0.2/turn               (no ring)
                                (no ring)

@: lethally poisoned (-1 -> -35), tree-form
A: permanent stasis, dig shafts and tunnels, four strong arms, (antennae 0)
a: no special abilities


You were on level 3 of the Dungeon.
You were not hungry.
You were a tree.
You visited 1 branch of the dungeon, and saw 3 of its levels.

You collected 75 gold pieces.

Inventory:

Hand Weapons
 a - a +0 hunting sling (weapon)
 i - a +0 dagger
Missiles
 h - 12 stones (quivered)
Armour
 e - a +0 robe (melded)
Scrolls
 l - a scroll of identify {unknown}
 m - a scroll of recharging {unknown}
 n - a scroll of random uselessness {unknown}
 o - a scroll of amnesia {unknown}
 p - a scroll of fog {unknown}
Books
 c - a book of Debilitation

   Spells                             Type                      Level
   a - Corona                         Hexes                        1
   b - Slow                           Hexes                        2
   c - Gell's Gravitas                Hexes/Translocation          3
   d - Inner Flame                    Hexes/Fire                   3
   e - Cause Fear                     Hexes                        4
   f - Leda's Liquefaction            Hexes/Earth                  4
Comestibles
 f - 3 bread rations
 j - a meat ration


   Skills:
 - Level 1.1 Fighting
 * Level 3.6 Slings
 + Level 2.3 Dodging
 - Level 1.1 Spellcasting
 + Level 4.1 Hexes


You had 4 spell levels left.
You knew the following spells:

 Your Spells              Type           Power        Failure   Level  Hunger
a - Corona                Hex            ##.....      8%          1    ##.....


Dungeon Overview and Level Annotations

Branches:
Dungeon (3/15)

Altars:
Dithmenos


Innate Abilities, Weirdness & Mutations

You cannot be hasted, slowed, berserked, paralysed or teleported.
You can dig through walls and to a lower floor.
Your four strong arms can wield two-handed weapons with a shield.
((You have a pair of large antennae on your head. (SInv)))


Message History

Press: ? - help, Shift-Dir - straight line, f - orc wizard
Aim: an orc wizard, wielding a dagger of venom and wearing a robe (heavily wounded, fast)
You shoot a stone. The stone hits the orc wizard.
The orc wizard is heavily wounded.
* * * LOW HITPOINT WARNING * * *
You feel sick. The orc wizard barely misses you.
Firing (i - inventory):
h - 14 stones (quivered)
Press: ? - help, Shift-Dir - straight line, f/p - orc wizard
Aim: an orc wizard, wielding a dagger of venom and wearing a robe (heavily wounded, fast)
You shoot a stone. The stone barely misses the orc wizard.
* * * LOW HITPOINT WARNING * * *
You feel very sick.
The orc wizard hits you but does no damage.
You are more poisoned.
The orc wizard hits you but does no damage.
Firing (i - inventory):
h - 13 stones (quivered)
Press: ? - help, Shift-Dir - straight line, f/p - orc wizard
Aim: an orc wizard, wielding a dagger of venom and wearing a robe (heavily wounded, fast)
You shoot a stone. The stone barely misses the orc wizard.
You die...

#############
{
#<........♣.#
###########o#
#)# #(# { #(#
... .(# ..#
(..#


You could see an orc wizard.

Vanquished Creatures
  A gnoll (D:1)
  2 adders (D:2)
  A dart slug (D:1)
  4 orcs (D:3)
  3 goblins
  A hobgoblin (D:1)
  A bat (D:1)
  5 frilled lizards
  A kobold (D:2)
  8 rats
27 creatures vanquished.

Notes
Turn   | Place    | Note
-------+----------+-------------------------------------------
     0 | D:1      | M4edhros the Formicid Arcane Marksman began the quest for the Orb.
     0 | D:1      | Reached XP level 1. HP: 15/15 MP: 2/2
   111 | D:1      | Reached XP level 2. HP: 15/21 MP: 3/3
   335 | D:1      | Reached XP level 3. HP: 18/26 MP: 4/4
   615 | D:2      | Reached skill level 4 in Hexes
   699 | D:2      | Found a shadowy altar of Dithmenos.
   837 | D:3      | Reached XP level 4. HP: 32/32 MP: 5/5
   858 | D:3      | HP: 1/48 [poisoned by an orc wizard]
   859 | D:3      | Succumbed to an orc wizard's poison

Vault maps used:
D:1:      ncdulo_wetmaze
D:2:      chequers_ecumenical_altar_lobes, kennysheep_flooded_box,
          guppyfry_early_orc_mine
D:3:      first_bread, elyvilon_altar_1

Skill      XL: |  1  2  3 |
---------------+----------+-----
Dodging        | 2 |  2.3
Slings         | 3 |  3.6
Hexes          | 4 |  4.1
Fighting       | |  1.1
Spellcasting   | |  1.1

Action                   |  1- 3 |  4- 6 || total
-------------------------+-------+-------++-------
Melee: Dagger            |    20 |       ||    20
 Fire: Hunting sling     |    72 |    18 ||    90
  Use: Scroll            |     2 |       ||     2
       Potion            |       |     3 ||     3
Armor: Robe              |     4 |       ||     4
       Skin              |       |    22 ||    22
Dodge: Dodged            |    23 |     6 ||    29
